 Dungeon Crawl Stone Soup version 0.30-a0-1163-gf69bf04e7a (webtiles) character file.

Game seed: 1144549565359534784

233 Darkkill the Shooter (level 5, -8/43 (46) HPs)
             Began as a Minotaur Hunter on Apr 28, 2023.
             Mangled by Duvessa
             ... wielding a +0 short sword
              (10 damage)
             ... on level 4 of the Dungeon.
             The game lasted 00:02:40 (2234 turns).

Darkkill the Shooter (Minotaur Hunter)              Turns: 2234, Time: 00:02:40

HP:   -8/43 (46)    AC:  3    Str: 16    XL:     5   Next: 75%
MP:   4/4           EV: 13    Int:  6    God:
Gold: 211           SH:  0    Dex: 15    Spells: 4/4 levels left

rFire   . . .        a - +1 shortbow (chaos)
rCold   . . .        (shield currently unavailable)
rNeg    . . .        c - +0 leather armour
rPois   .            (helmet restricted)
rElec   .            (no cloak)
rCorr   .            (no gloves)
SInv    .            (no boots)
Will    .....        (no amulet)
Stlth   ++           (no ring)
HPRegen 0.27/turn    (no ring)
MPRegen 0.09/turn

%: no passive effects
@: drained
A: horns 2, retaliatory headbutt
a: no special abilities


You were on level 4 of the Dungeon.
You visited 1 branch of the dungeon, and saw 4 of its levels.

You collected 211 gold pieces.

Inventory:

Hand Weapons
 a - a +1 shortbow of chaos (weapon)
Missiles
 d - 2 throwing nets {=f !f}
 f - 59 stones
 i - 3 boomerangs
 k - 6 poisoned darts
Armour
 c - a +0 leather armour (worn)
Jewellery
 h - a ring of wizardry
Scrolls
 b - a scroll of immolation
Potions
 e - 2 potions of lignification
 j - a potion of berserk rage {unknown}
 n - a potion of haste
 o - a potion of magic {unknown}
 p - a potion of attraction
 q - a potion of might {unknown}
 r - a potion of heal wounds {unknown}


   Skills:
 + Level 4.1 Fighting
 + Level 5.4 Ranged Weapons
 + Level 3.8 Dodging
 + Level 2.5 Stealth


You had 4 spell levels left.
You didn't know any spells.
Your spell library contained the following spells:

 Spells                   Type           Power      Damage    Failure   Level
 Necrotise                Necr           0%         1d4       52%         1
 Vampiric Draining        Necr           0%         2d6       88%         3
 Agony                    Necr           0%         N/A       100%        5


Dungeon Overview and Level Annotations

Branches:
Dungeon (4/15)
 Temple: D:4-7

Altars:
Ashenzari
Fedhas

Annotations:
D:4 Duvessa


Innate Abilities, Weirdness & Mutations

You have a pair of horns on your head.
You reflexively headbutt those who attack you in melee.


Message History

The scroll dissolves into smoke.
It was a scroll of fog.
As you read the scroll labelled OMINGUQI NOIKH, it crumbles to dust.
It is a scroll of brand weapon.
Your +1 shortbow erupts in a glittering mayhem of colour.
a - a +1 shortbow of chaos (weapon)
As you read the scroll of identify {@r1}, it crumbles to dust.
p - a potion of attraction You see here a +0 short sword.
You enter the shallow water.
Moving in this stuff is going to be slow.
There is a stone staircase leading down here.
You climb downwards.
There is a stone staircase leading up here.
Dowan, Brother of Duvessa comes into view.
He is wielding a +0 dagger.
Found a blossoming altar of Fedhas.
Fire: a) +1 shortbow (chaos)
Press: ? - help, Q - select action, (/) - cycle Shift-Dir - straight line, f - Dowan
Aim: Dowan, wielding a +0 dagger and wearing a +0 robe (asleep, 98% to hit)
You shoot an arrow. The arrow hits Dowan!
The arrow burns Dowan.
Dowan shouts!
Dowan is heavily wounded.
Dowan gestures wildly while chanting.
Dowan blinks!
Fire: a) +1 shortbow (chaos)
Press: ? - help, Q - select action, (/) - cycle Shift-Dir - straight line, f - you Really target yourself? [Y]es or [N]o only, please.
Really target yourself?
Okay, then.
Duvessa, Sister of Dowan comes into view.
She is wielding a +0 short sword and carrying a wand of roots (7).
Duvessa shouts!
You hear a shout!
Duvessa moves out of view.
You hear an angry hiss.
Fire: a) +1 shortbow (chaos)
Press: ? - help, Q - select action, (/) - cycle Shift-Dir - straight line, f - Dowan
Aim: Dowan, wielding a +0 dagger and wearing a +0 robe (heavily wounded, 53% to hit)
You shoot an arrow.
The arrow hits Dowan but does no damage.
Lightning courses through Dowan!
You kill Dowan!
You hear a distant scream of rage.
Your Fighting skill increases to level 4!
Fire: a) +1 shortbow (chaos)
Press: ? - help, Q - select action, (/) - cycle Shift-Dir - straight line, f - Duvessa
Aim: Duvessa, wielding a +0 short sword, wearing a +0 leather armour and carrying a wand of roots (7) (68% to hit)
You shoot an arrow.
The arrow hits Duvessa but does no damage.
Duvessa suddenly seems more resistant.
Duvessa goes berserk!
You hear an angry hiss.
Fire: a) +1 shortbow (chaos)
Press: ? - help, Q - select action, (/) - cycle Shift-Dir - straight line, f/p - Duvessa
Aim: Duvessa, wielding a +0 short sword, wearing a +0 leather armour and carrying a wand of roots (7) (berserk, unusually resistant, 68% to hit)
You shoot an arrow. The arrow barely misses Duvessa.
A kobold comes into view.
It is wielding a +1 short sword of draining.
Fire: a) +1 shortbow (chaos)
Press: ? - help, Q - select action, (/) - cycle Shift-Dir - straight line, f/p - Duvessa
Aim: Duvessa, wielding a +0 short sword, wearing a +0 leather armour and carrying a wand of roots (7) (berserk, unusually resistant, 68% to hit)
You shoot an arrow. The arrow hits Duvessa.
Duvessa is lightly wounded.
Duvessa hits you with a +0 short sword. Duvessa completely misses you.
Fire: a) +1 shortbow (chaos)
Press: ? - help, Q - select action, (/) - cycle Shift-Dir - straight line, f/p - Duvessa
Aim: Duvessa, wielding a +0 short sword, wearing a +0 leather armour and carrying a wand of roots (7) (lightly wounded, berserk, unusually resistant, 68% to hit)
You shoot an arrow. The arrow closely misses Duvessa.
Duvessa barely misses you.
The kobold hits you with a +1 short sword of draining.
You feel drained. Duvessa barely misses you.
Fire: a) +1 shortbow (chaos)
Press: ? - help, Q - select action, (/) - cycle Shift-Dir - straight line, f/p - Duvessa
Aim: Duvessa, wielding a +0 short sword, wearing a +0 leather armour and carrying a wand of roots (7) (lightly wounded, berserk, unusually resistant, 68% to hit)
You shoot an arrow.
The arrow hits Duvessa but does no damage.
Duvessa is lightly wounded.
Duvessa hits you with a +0 short sword.
A ball python comes into view.
The kobold hits you but does no damage.
You feel drained. Duvessa hits you with a +0 short sword!
The kobold barely misses you.
Fire: a) +1 shortbow (chaos)
Press: ? - help, Q - select action, (/) - cycle Shift-Dir - straight line, f/p - Duvessa
Aim: Duvessa, wielding a +0 short sword, wearing a +0 leather armour and carrying a wand of roots (7) (lightly wounded, berserk, unusually resistant, 68% to hit)
You shoot an arrow. The arrow hits Duvessa!
Duvessa is moderately wounded.
Duvessa hits you with a +0 short sword.
The kobold hits you with a +1 short sword of draining.
You feel drained. Duvessa hits you with a +0 short sword!
* * * LOW HITPOINT WARNING * * *
Fire: a) +1 shortbow (chaos)
Press: ? - help, Q - select action, (/) - cycle Shift-Dir - straight line, f/p - Duvessa
Aim: Duvessa, wielding a +0 short sword, wearing a +0 leather armour and carrying a wand of roots (7) (moderately wounded, berserk, unusually resistant, 68% to hit)
Okay, then.
You feel better. Duvessa hits you but does no damage.
The kobold closely misses you. You furiously retaliate!
You headbutt the kobold.
You kill the kobold!
Duvessa barely misses you.
Duvessa hits you with a +0 short sword!!
* * * LOW HITPOINT WARNING * * *
Duvessa hits you with a +0 short sword!
You die...

#############.#
#......<@.....#
#.######e####.#
#....S......#
#...)......#..
...).♣♣.♣♣...#
#.#. ♣.♣ ......
. # ... ♣..#.#
♣... ..# . .._.
...


You could see Duvessa (berserk, resistant) and a ball python.

Vanquished Creatures
  A phantom (D:3)
  Dowan (D:4)
  4 adders (D:2)
  A white imp (D:3)
  2 worms
  2 dart slugs
  6 ball pythons (D:1)
  5 bats
  8 endoplasms
  4 giant cockroaches
  4 goblins
  4 hobgoblins
  2 quokkas (D:2)
  3 frilled lizards (D:2)
  8 kobolds
  8 rats
63 creatures vanquished.

Vanquished Creatures (others)
  6 plants (D:3)
6 creatures vanquished.

Grand Total: 69 creatures vanquished

Notes
Turn   | Place    | Note
-------+----------+-------------------------------------------
     0 | D:1      | Darkkill the Minotaur Hunter began the quest for the Orb.
     0 | D:1      | Reached XP level 1. HP: 18/18 MP: 0/0
    73 | D:1      | Reached skill level 1 in Stealth
   139 | D:1      | Reached XP level 2. HP: 25/25 MP: 1/1
   663 | D:2      | Reached XP level 3. HP: 30/31 MP: 2/2
  1072 | D:2      | Reached XP level 4. HP: 38/38 MP: 3/3
  1211 | D:2      | Reached skill level 5 in Ranged Weapons
  1461 | D:3      | Noticed a phantom
  1475 | D:3      | Killed a phantom
  1476 | D:3      | Reached XP level 5. HP: 24/46 MP: 4/4
  1705 | D:3      | Found a broken altar of Ashenzari.
  2221 | D:4      | Found a blossoming altar of Fedhas.
  2221 | D:4      | Noticed Dowan
  2223 | D:4      | Noticed Duvessa
  2224 | D:4      | Killed Dowan
  2233 | D:4      | HP: 2/43 [Duvessa/+0 short sword (19)]
  2234 | D:4      | Mangled by Duvessa

Illustrated notes

Levels and vault maps discovered:
D:1:      minmay_arrival_loop, layout_rooms
D:2:      layout_basic
D:3:      layout_loops_ring, mainiacjoe_overflow_catwalk, chequers_big_river
D:4:      layout_basic, mainiacjoe_overflow_small_starburst, minitemple,
          eino_small_chamber_without_monster, uniq_duvessa, uniq_robin

Skill      XL: |  1  2  3  4  5 |
---------------+----------------+-----
Stealth        | 1 2 |  2.5
Fighting       | 3 4 |  4.1
Dodging        | 3 |  3.8
Ranged Weapons | 5 |  5.4

Action                     |  1- 3 |  4- 6 || total
---------------------------+-------+-------++-------
   Fire: Shortbow          |   101 |    79 ||   180
    Use: Scroll            |     3 |     6 ||     9
         Potion            |       |     1 ||     1
 Armour: Leather armour    |     9 |     9 ||    18
  Dodge: Dodged            |    27 |    23 ||    50

Table legend: (Time is in decaauts)
 A = Elapsed time spent in this place.
 B = Non-inter-level travel time spent in this place.
 C = Inter-level travel time spent in this place.
 D = Time resting spent in this place.
 E = Time spent auto-exploring this place.
 F = Levels seen in this place.
 G = Mean time per level.
                   A        B        C        D        E       F      G
               +--------+--------+--------+--------+--------+-----+--------+
         Total |   2300 |   2196 |    104 |    100 |   1742 |   4 |  575.0 |
       Dungeon |   2300 |   2196 |    104 |    100 |   1742 |   4 |  575.0 |
               +--------+--------+--------+--------+--------+-----+--------+

Top non-repeatable levels by time:
     D:2: 884 daAuts
     D:3: 818 daAuts
     D:1: 580 daAuts
     D:4: 17 daAuts

Levels and vault maps discovered:
D:1:      minmay_arrival_loop, layout_rooms
D:2:      layout_basic
D:3:      layout_loops_ring, mainiacjoe_overflow_catwalk, chequers_big_river
D:4:      layout_basic, mainiacjoe_overflow_small_starburst, minitemple,
          eino_small_chamber_without_monster, uniq_duvessa, uniq_robin

Table legend: (Time is in decaauts)
 A = Elapsed time spent in this place.
 B = Non-inter-level travel time spent in this place.
 C = Inter-level travel time spent in this place.
 D = Time resting spent in this place.
 E = Time spent auto-exploring this place.
 F = Levels seen in this place.
 G = Mean time per level.
                   A        B        C        D        E       F      G
               +--------+--------+--------+--------+--------+-----+--------+
         Total |   2300 |   2196 |    104 |    100 |   1742 |   4 |  575.0 |
       Dungeon |   2300 |   2196 |    104 |    100 |   1742 |   4 |  575.0 |
               +--------+--------+--------+--------+--------+-----+--------+

Top non-repeatable levels by time:
     D:2: 884 daAuts
     D:3: 818 daAuts
     D:1: 580 daAuts
     D:4: 17 daAuts

Table legend:
 A = Kills in this place as a percentage of kills in the entire game.
 B = Kills by you in this place as a percentage of kills by you in the entire game.
 C = Kills by friends in this place as a percentage of kills by friends in the entire game.
 D = Other kills in this place as a percentage of other kills in the entire game.
 E = Experience gained in this place as a percentage of experience gained in the entire game.
 F = Experience gained in this place divided by the number of levels of this place that you have seen.
                   A       B       C       D       E      F
               +-------+-------+-------+-------+-------+----------------------
         Total | 100.0 | 100.0 |   N/A |   N/A | 100.0 |  83.5
       Dungeon | 100.0 | 100.0 |   N/A |   N/A | 100.0 |  83.5
               +-------+-------+-------+-------+-------+----------------------
